 Dungeon Crawl Stone Soup version 0.21.1-1-g345015f (webtiles) character file.

42 inc the Scratcher (level 3, 10/15 HPs)
             Began as a Felid Chaos Knight on Feb 24, 2018.
             Quit the game on level 3 of the Dungeon.
             The game lasted 00:02:59 (1692 turns).

inc the Scratcher (Felid Chaos Knight)              Turns: 1692, Time: 00:02:59

Health: 10/15      AC:  1    Str:  8    XL:     3   Next: 33%
Magic:  4/4        EV: 18    Int: 14    God:    Xom [.*....]
Gold:   87         SH:  0    Dex: 15    Spells: 2/2 levels left
                                        Lives:  0   Deaths: 1

rFire    . . .     SeeInvis +     - Unarmed
rCold    . . .     Gourm    .   (shield unavailable)
rNeg     . . .     Faith    .   (armour unavailable)
rPois    .         Spirit   .   (helmet unavailable)
rElec    .         Reflect  .   (cloak unavailable)
rCorr    .         Harm     .   (gloves unavailable)
MR       .....     Clarity  +   (boots unavailable)
Stlth    ++........             (no amulet)
HPRegen  0.05/turn              (no ring)
MPRegen  0.09/turn              (no ring)

@: quite poisoned (10 -> 5), quick
A: very small, no armour, no weapons or thrown items, stealth, claws 1, fangs 3,
horns 1, see invisible, carnivore, clarity, speed 1, frail 1, shaggy fur 1, slow
metabolism 1, subdued magic 1, sharp paws
a: Renounce Religion


You were on level 3 of the Dungeon.
You worshipped Xom.
You were a plaything of Xom.
You were not hungry.

You visited 1 branch of the dungeon, and saw 3 of its levels.

You collected 87 gold pieces.

Inventory:

Jewellery
 g - an uncursed ring of fire {unknown}
Scrolls
 d - 3 scrolls of identify {unknown}
 e - a scroll of blinking {unknown}
 i - a scroll of noise {unknown}
 j - a scroll of magic mapping {unknown}
Comestibles
 a - a ration


   Skills:
 - Level 3.0 Fighting
 + Level 3.4 Dodging
 - Level 5.0 Unarmed Combat


You had 2 spell levels left.
You didn't know any spells.

Dungeon Overview and Level Annotations

Branches:
Dungeon (3/15)

Altars:
Xom

Annotations:
D:2 Natasha, Sigmund


Innate Abilities, Weirdness & Mutations

You cannot wear armour.
You are incapable of wielding weapons or throwing items.
Your paws allow you to move quietly. (Stealth)
You have sharp claws.
You have razor-sharp teeth.
You have supernaturally acute eyesight. (SInv)
You are carnivorous and can eat meat at any time.
You cover ground quickly.
You are covered in fur. (AC +1)
You have a slow metabolism.
Your sharp claws are effective at attacking unaware monsters.
You have a pair of small horns on your head.
You possess an exceptional clarity of mind.
You are frail. (-10% HP)
Your spells are a little easier to cast, but a little less powerful.


Message History

An adder is nearby!
The adder hisses angrily.
Found 6 gold pieces.
You claw the adder!
The adder is severely wounded.
The adder bites you. x2
You are poisoned.
The adder poisons you!
You claw the adder!
You kill the adder!
You feel sick.
No target in view!
No target in view!
No target in view!
A worm and a worker ant come into view.
Found a scroll labeled OLAUVV QAADI.
You feel sick.
The worker ant twitches its antennae in your direction.
Found a gold piece.
Are you sure you want to abandon this character and quit the game? (Confirm with "yes".)

#......# #......#
######......##
#.........w...
###.####......##
#..>.........a..
#.###.......?.#.
##.###...@.......
#............##..$
$............#
.........%...#
..............#
....#.###......#
.....#.. .......#
# ........#
..?....###


You could see a worm and a worker ant.

Vanquished Creatures
  Natasha (D:2)
  2 gnolls (D:2)
  An adder (D:3)
  A dart slug (D:1)
  A ball python (D:1)
  4 bats
  A giant cockroach (D:1)
  2 hobgoblins (D:1)
  7 jackals (D:1)
  A frilled lizard (D:2)
  4 goblins (D:1)
  3 kobolds (D:1)
  3 rats
31 creatures vanquished.

Vanquished Creatures (collateral kills)
  A giant cockroach (D:2)
1 creature vanquished.

Grand Total: 32 creatures vanquished

Notes
Turn   | Place    | Note
-------+----------+-------------------------------------------
     0 | D:1      | inc the Felid Chaos Knight began the quest for the Orb.
     0 | D:1      | Reached XP level 1. HP: 10/10 MP: 2/2
    42 | D:1      | XOM: silly message
   108 | D:1      | XOM: potion effect (invisibility)
   217 | D:1      | Found a shimmering altar of Xom.
   227 | D:1      | Reached XP level 2. HP: 14/14 MP: 3/3
   379 | D:1      | XOM: potion effect (brilliance)
   406 | D:1      | Reached skill level 4 in Unarmed Combat
   486 | D:1      | XOM: divination: detect creatures
   494 | D:1      | XOM: divination: magic mapping
   851 | D:1      | Reached XP level 3. HP: 17/17 MP: 4/4
   990 | D:1      | XOM: silly message
  1149 | D:2      | Noticed Natasha
  1150 | D:2      | XOM: silly message
  1155 | D:2      | Killed Natasha
  1238 | D:2      | Noticed Sigmund
  1280 | D:1      | XOM is BORED!
  1280 | D:1      | XOM: noise
  1618 | D:2      | Reached skill level 5 in Unarmed Combat
  1618 | D:2      | Reached XP level 4. HP: 12/21 MP: 5/5
  1647 | D:2      | XOM: summons 2 friendly demons
  1659 | D:2      | Noticed Natasha
  1681 | D:3      | Gained mutation: Your spells are a little easier to cast, but a little less powerful. [potion of mutation]
  1681 | D:3      | Gained mutation: You are frail. (-10% HP) [potion of mutation]
  1681 | D:3      | Gained mutation: You have a pair of small horns on your head. [potion of mutation]
  1681 | D:3      | Gained mutation: You possess an exceptional clarity of mind. [potion of mutation]
  1681 | D:3      | Slain by a gnoll
  1682 | D:3      | Reached XP level 3. HP: 0/22 MP: 4/4
  1692 | D:3      | Quit the game

Skill      XL: |  1  2  3 |
---------------+----------+-----
Unarmed Combat | 4 5 |  5.0
Fighting       | |  3.0
Dodging        | |  3.4

Action                   |  1- 3 |  4- 6 || total
-------------------------+-------+-------++-------
Melee: Unarmed           |    74 |       ||    74
       Bite              |     6 |       ||     6
       Punch             |     1 |       ||     1
  Use: Potion            |       |     4 ||     4
 Stab: Sleeping          |     3 |       ||     3
  Eat: Chunk             |     6 |       ||     6
Armor: Skin              |     4 |     6 ||    10
Dodge: Dodged            |    51 |     4 ||    55
